 Dungeon Crawl Stone Soup version 0.28-a0-312-gbced6e68ee (webtiles) character file.

Game seed: 10958542195999811896

2052 Tocho the Magician (level 9, -1/66 HPs)
             Began as a Human Cinder Acolyte on Aug 30, 2021.
             Was a Follower of Ignis.
             Succumbed to an orc wizard's poison
             ... on level 6 of the Dungeon.
             The game lasted 00:20:50 (10110 turns).

Tocho the Magician (Human Cinder Acolyte)          Turns: 10110, Time: 00:20:51

Health: -1/66      AC:  3    Str: 16    XL:     9   Next: 49%
Magic:  17/17      EV: 12    Int: 15    God:    Ignis [*.....]
Gold:   214        SH:  0    Dex: 10    Spells: 18/19 levels left

rFire   + + .      SeeInvis .   a - -1 falchion (flame)
rCold   x . .      Faith    .   (no shield)
rNeg    . . .      Spirit   .   b - +1 robe
rPois   .          Reflect  .   (no helmet)
rElec   .          Harm     .   (no cloak)
rCorr   .          Rampage  .   (no gloves)
Will    .....                   (no boots)
Stlth   +.........              (no amulet)
HPRegen 0.21/turn               i - ring of fire
MPRegen 0.15/turn               g - ring of wizardry

@: confused, lethally poisoned (-1 -> -16)
A: no striking features
a: Renounce Religion, Sea of Fire, Foxfire Swarm


You were on level 6 of the Dungeon.
You worshipped Ignis.
Ignis was aware of your devotion.
You visited 1 branch of the dungeon, and saw 6 of its levels.

You collected 214 gold pieces.

Inventory:

Hand Weapons
 a - a -1 falchion of flaming (weapon)
 o - a +0 scimitar
Missiles
 c - 2 throwing nets
Armour
 b - a +1 robe (worn)
Jewellery
 g - a ring of wizardry (right hand)
 i - a ring of fire (left hand)
 j - a ring of protection from fire
 m - a ring of resist corrosion
Scrolls
 d - a scroll of magic mapping
 e - a scroll of immolation
 f - a scroll of identify
 k - 2 scrolls of enchant armour
 p - 3 scrolls of teleportation
Potions
 q - 2 potions of ambrosia


   Skills:
 + Level 4.7 Fighting
 + Level 5.2 Long Blades
 + Level 2.8 Dodging
 + Level 1.9 Stealth
 * Level 5.8 Spellcasting
 + Level 4.0 Conjurations
 * Level 5.8 Fire Magic


You had 18 spell levels left.
You knew the following spells:

 Your Spells              Type           Power      Damage    Failure   Level
a - Foxfire               Conj/Fire      100%       2x1d9     1%          1

Your spell library contained the following spells:

 Spells                   Type           Power      Damage    Failure   Level
 Freeze                   Ice            16%        1d4       6%          1
 Summon Small Mammal      Summ           16%        N/A       6%          1
 Call Canine Familiar     Summ           4%         N/A       17%         3
 Frozen Ramparts          Ice            8%         1d2       17%         3
 Summon Guardian Golem    Hex/Summ       4%         N/A       17%         3
 Hailstorm                Conj/Ice       10%        3d5       26%         4


Dungeon Overview and Level Annotations

Branches:
Dungeon (6/15)
 Temple: D:4-7

Altars:
Elyvilon
Makhleb

Annotations:
D:5 2 transporters, SkeletonJelly's ghost, novice OgCK


Message History

You barely miss the orc wizard.
The orc wizard is moderately wounded.
You feel very sick. The orc closely misses you.
The orc wizard hits you with a +1 dagger of venom.
Unknown command.
You feel very sick.
You feel very sick.
You feel sick.
You barely miss the orc wizard.
The orc wizard is moderately wounded.
You feel sick. The orc hits you with a +0 flail.
* * * LOW HITPOINT WARNING * * *
The orc wizard hits you with a +1 dagger of venom.
* * * LOW HITPOINT WARNING * * *
You are more poisoned.
You feel very sick.
The orc wizard gestures at you while chanting.
You are confused.
You bump into the rock wall.
You feel sick. The orc misses you.
The orc wizard hits you with a +1 dagger of venom.
* * * LOW HITPOINT WARNING * * *
You're too confused to move!
* * * LOW HITPOINT WARNING * * *
You feel sick. The orc completely misses you.
The orc wizard points at you and mumbles some strange words.
You easily resist.
Unknown command.
You bump into the rock wall.
* * * LOW HITPOINT WARNING * * *
You feel sick. The orc hits you with a +0 flail.
* * * LOW HITPOINT WARNING * * *
The orc wizard misses you.
You bump into the rock wall.
* * * LOW HITPOINT WARNING * * *
You feel sick. The orc closely misses you.
The orc wizard hits you with a +1 dagger of venom.
* * * LOW HITPOINT WARNING * * *
You are more poisoned.
You die...

#.# #.# #
#.#########.# ##
####### .#..........#
#.#..>....
#.........###
###.#######
#.#######.#
#.....##...
####.#####.....##.##
##o.......<........##
##.o#@.#####.....####
##..###.## #.....#
#..## ##.## ###.###
#...)## ##.# #.#
##.#.. ##.######.#
##.... ##.........# #
..#...#...######## .
.#.#.......# #
.##.#.......#


You could see an orc.

Vanquished Creatures
  A two-headed ogre (D:5)
  A sky beast (D:5)
  3 black bears
  4 ogres
  A scorpion (D:4)
  A howler monkey (D:6)
  A centaur zombie (D:5)
  A bullfrog zombie (D:5)
  A hound (D:6)
  A jelly (D:5)
  A centaur skeleton (D:5)
  4 orc priests
  3 iguanas
  An orc wizard (D:5)
  14 gnolls
  5 adders
  3 worms
  3 dart slugs
  2 orcs (D:5)
  A bat (D:1)
  4 endoplasms
  4 giant cockroaches
  6 goblins
  4 hobgoblins
  10 jackals
  8 kobolds
  6 quokkas
  9 ball pythons
  6 frilled lizards
  4 rats (D:1)
113 creatures vanquished.

Vanquished Creatures (others)
  402 foxfires
402 creatures vanquished.

Grand Total: 515 creatures vanquished

Notes
Turn   | Place    | Note
-------+----------+-------------------------------------------
     0 | D:1      | Tocho the Human Cinder Acolyte began the quest for the Orb.
     0 | D:1      | Reached XP level 1. HP: 18/18 MP: 2/2
    27 | D:1      | Reached XP level 2. HP: 5/24 MP: 3/3
  1232 | D:1      | Reached XP level 3. HP: 19/29 MP: 4/4
  1973 | D:2      | Reached XP level 4. HP: 36/37 MP: 5/5
  2941 | D:2      | Reached XP level 5. HP: 42/42 MP: 2/7
  4032 | D:3      | Reached skill level 1 in Dodging
  4123 | D:3      | Found a white marble altar of Elyvilon.
  4134 | D:3      | Reached skill level 1 in Conjurations
  4437 | D:3      | You fall into a shaft and drop 1 floor!
  5745 | D:4      | Noticed an ogre
  5748 | D:4      | Killed an ogre
  5749 | D:4      | Reached XP level 6. HP: 48/48 MP: 7/9
  5810 | D:4      | Noticed a black bear
  5823 | D:4      | Killed a black bear
  5824 | D:4      | Reached XP level 7. HP: 47/54 MP: 1/10
  6483 | D:5      | Entered Level 5 of the Dungeon
  6493 | D:5      | Noticed SkeletonJelly's ghost (novice OgCK)
  6621 | D:5      | Found a burning altar of Makhleb.
  7222 | D:5      | Reached skill level 1 in Stealth
  7449 | D:5      | Reached XP level 8. HP: 60/60 MP: 5/13
  7541 | D:5      | Found a transporter.
  7544 | D:5      | Found a transporter.
  8935 | D:5      | Noticed a two-headed ogre
  8948 | D:5      | Killed a two-headed ogre
  8949 | D:5      | Reached skill level 5 in Long Blades
  8949 | D:5      | Reached skill level 5 in Spellcasting
  8949 | D:5      | Reached skill level 5 in Fire Magic
  8949 | D:5      | Reached XP level 9. HP: 18/66 MP: 5/17
 10109 | D:6      | HP: 2/66 [orc wizard (2)]
 10110 | D:6      | Succumbed to an orc wizard's poison

Illustrated notes

Levels and vault maps discovered:
D:1:      shiori_angband_town, layout_basic
D:2:      layout_basic, serial_corexii_hall, chequers_hall_statues_corner_a,
          corexii_hall_statues_t, corexii_hall_statues_i,
          corexii_hall_statues_x, corexii_hall_statues_x, corexii_hall_statues_l
D:3:      layout_loops_ring, mainiacjoe_overflow_six_doors_small
D:4:      wander_river, layout_basic
D:5:      layout_loops_ring, mainiacjoe_overflow_boulevard, lemuel_round_altar,
          gammafunk_ghost_arena, kennysheep_another_room, bh_walls_and_bars
D:6:      layout_loops_ring, minitemple

Skill      XL: |  1  2  3  4  5  6  7  8  9 |
---------------+----------------------------+-----
Long Blades    | 4 5 |  5.2
Fire Magic     | 3 4 5 |  5.8
Dodging        | 1 2 |  2.8
Conjurations   | 1 2 3 4 |  4.0
Spellcasting   | 2 3 5 |  5.8
Fighting       | 4 |  4.7
Stealth        | 1 |  1.9

Action                   |  1- 3 |  4- 6 |  7- 9 || total
-------------------------+-------+-------+-------++-------
Melee: Falchion          |    90 |    45 |    86 ||   221
 Cast: Foxfire           |       |    87 |   127 ||   214
Invok: Foxfire Swarm     |     1 |     3 |       ||     4
       Rising Flame      |       |     2 |       ||     2
  Use: Scroll            |       |     4 |     5 ||     9
       Potion            |       |     1 |     7 ||     8
Armor: Robe              |    14 |    12 |    17 ||    43
Dodge: Dodged            |    50 |    36 |    70 ||   156

Table legend: (Time is in decaauts)
 A = Elapsed time spent in this place.
 B = Non-inter-level travel time spent in this place.
 C = Inter-level travel time spent in this place.
 D = Time resting spent in this place.
 E = Time spent auto-exploring this place.
 F = Levels seen in this place.
 G = Mean time per level.
                   A        B        C        D        E       F      G
               +--------+--------+--------+--------+--------+-----+--------+
         Total |  10152 |   9996 |    156 |   2995 |   5454 |   6 | 1692.0 |
       Dungeon |  10152 |   9996 |    156 |   2995 |   5454 |   6 | 1692.0 |
               +--------+--------+--------+--------+--------+-----+--------+

Top non-repeatable levels by time:
     D:4: 2823 daAuts
     D:1: 1977 daAuts
     D:2: 1749 daAuts
     D:5: 1644 daAuts
     D:3: 1253 daAuts
     D:6: 704 daAuts
